[Event "2.Internationales Spandauer Weihnachtso"]
[Site "Spandau"]
[Date "2016.12.29"]
[Round "6.2"]
[White "Muse, Drazen"]
[Black "Ahmadinia, Ebrahim"]
[Result "0-1"]
[ECO "D12"]
[WhiteElo "2358"]
[BlackElo "2357"]
[Annotator "Stelti"]
[PlyCount "68"]
[EventDate "2016.??.??"]
[BlackTeamCountry "IRI"]
[TimeControl "6000+1090"]
[WhiteClock "0:01:39"]
[BlackClock "0:14:45"]

1. d4 d5 2. Nf3 Nf6 3. c4 c6 4. e3 Bf5 5. Nc3 e6 6. Nh4 Be4 7. f3 Bg6 8. g3
Nbd7 9. Qb3 Qb6 10. Nxg6 hxg6 11. Bg2 Qc7 12. O-O dxc4 13. Qxc4 e5 14. dxe5
Nxe5 15. Qe2 Rd8 16. Rd1 Rxd1+ 17. Nxd1 Bc5 18. Nf2 O-O 19. f4 Ned7 20. e4 Qb6
21. Kf1 Re8 22. e5 g5 23. Bh3 gxf4 24. gxf4 Nf8 25. Qf3 Nd5 26. Ne4 Qb4 27. Bd2
Qd4 28. Rd1 Ng6 29. Nxc5 Qxc5 30. e6 fxe6 31. Qe4 Ngxf4 32. Bg4 Rf8 33. Bf3
Qb5+ 34. Ke1 Nd3+ 0-1

[Event "2.Internationales Spandauer Weihnachtso"]
[Site "Spandau"]
[Date "2016.12.29"]
[Round "6.3"]
[White "Brustkern, Jürgen"]
[Black "Weber, Dirk"]
[Result "1/2-1/2"]
[ECO "A16"]
[WhiteElo "2230"]
[BlackElo "2246"]
[Annotator "Stelti"]
[PlyCount "100"]
[EventDate "2016.??.??"]
[TimeControl "6000+980"]
[WhiteClock "0:14:49"]
[BlackClock "0:09:03"]

1. c4 Nf6 2. Nc3 c5 3. e3 e6 4. d4 a6 5. Nf3 Qc7 6. Be2 Be7 7. O-O d6 8. b3 O-O
9. Bb2 Re8 10. Qc2 b6 11. Rad1 h6 12. d5 exd5 13. Nxd5 Nxd5 14. cxd5 Nd7 15.
Nd4 Bf6 16. h3 b5 17. Nf5 Ne5 18. Ng3 Nd7 19. Nh5 Bxb2 20. Qxb2 f6 21. Qc2 Nf8
22. e4 Ra7 23. Rd3 Qe7 24. Rg3 Qe5 25. f4 Qd4+ 26. Kh1 Kh8 27. Bf3 Rc7 28. f5
c4 29. Nf4 Bxf5 30. exf5 Qxf4 31. Rg4 Qe3 32. bxc4 Nd7 33. Qb3 Qxb3 34. axb3
Ne5 35. Re4 bxc4 36. bxc4 Rxc4 37. Rxc4 Nxc4 38. Ra1 a5 39. Ra4 Nd2 40. Rxa5
Nxf3 41. gxf3 Re5 42. Kg2 Rxf5 43. Kg3 Kh7 44. h4 Re5 45. f4 Re7 46. h5 f5 47.
Ra6 Rd7 48. Ra8 Rf7 49. Rd8 Rf6 50. Kh4 g6 1/2-1/2